Map: Automaton LE

Players

Elazer - Winner!

  • Race: Zerg Zerg
  • Spawn Location: 3:00

DnS

  • Race: Protoss Protoss
  • Spawn Location: 9:00

Event: IEM Season 13: Katowice (2019)

VOD

Have the link to the VOD?

Description

Time

  • Played on: Feb. 26, 2019, 12:30 p.m.
  • Length: 14:31

All games in this series

Show
View Real Time Build Order
Export as new Build Order

Elazer Zerg - Winner!

Build Orders: Hatch First, Swarm Host 

Get SALT Encoding   

  12  0:00  Drone  
  13  0:12  Overlord  
  13  0:19  Drone  
  14  0:31  Drone x2  
  16  0:49  Hatchery  
  15  0:52  Drone  
  15  0:55  Drone  
  17  0:59  Drone  
  18  1:10  Extractor  
  17  1:14  Spawning Pool  
  17  1:17  Drone  
  17  1:21  Drone  
  18  1:29  Drone  
  19  1:40  Drone  
  20  1:51  Drone  
  21  2:01  Queen x2, Overlord  
  21  2:02  Zergling x2  
  26  2:11  Zergling x2  
  26  2:12  Drone  
  28  2:26  Drone x2  
  30  2:33  Hatchery  
  29  2:42  Queen  
  29  2:44  Drone x2  
  33  2:47  Overlord  
  33  2:51  Drone  
  34  2:54  Drone  
  34  2:55  Drone  
  36  3:08  Overlord  
  36  3:11  Drone x2  
  36  3:12  Drone x3  
  41  3:14  Drone  
  41  3:20  Queen  
  41  3:24  Spore Crawler  
  41  3:26  Drone  
  42  3:34  Drone x2, Spore Crawler  
  42  3:35  Drone  
  42  3:38  Drone  
  45  3:44  Drone  
  45  3:45  Drone x2  
  45  3:46  Drone  
  49  3:50  Overlord  
  49  3:52  Drone x2  
  49  3:54  Drone  
  52  4:00  Drone x3  
  53  4:04  Drone  
  53  4:07  Spore Crawler  
  53  4:08  Drone x2  
  55  4:12  Overlord  
  55  4:18  Overlord  
  55  4:19  Drone x2  
  55  4:21  Drone  
  58  4:26  Drone, Roach Warren  
  58  4:30  Drone  
  58  4:31  Drone x2  
  61  4:34  Extractor  
  61  4:35  Extractor  
  61  4:37  Queen  
  63  4:38  Drone x2  
  63  4:40  Drone  
  63  4:43  Drone x3  
  63  4:44  Drone  
  68  4:48  Overlord  
  68  4:49  Overlord  
  68  4:52  Zergling x2  
  69  4:56  Zergling x4  
  69  4:58  Extractor  
  70  5:01  Evolution Chamber, Drone x3  
  70  5:02  Drone x2  
  70  5:05  Overlord  
  70  5:07  Roach  
  74  5:17  Roach  
  74  5:20  Roach x2  
  74  5:21  Roach  
  80  5:22  Drone x2  
  81  5:29  Roach x4  
  81  5:30  Zerg Missile Weapons Level 1  
  81  5:32  Lair  
  81  5:33  Drone  
  90  5:36  Drone  
  90  5:39  Drone  
  92  5:43  Extractor  
  92  5:46  Overlord  
  92  5:48  Extractor  
  90  5:51  Roach x2  
  90  5:55  Overlord  
  94  6:00  Overlord, Drone x5  
  99  6:06  Overlord  
  99  6:12  Drone x5  
  99  6:16  Drone  
  103  6:21  Overlord  
  103  6:24  Overlord  
  103  6:25  Roach  
  103  6:28  Glial Reconstitution  
  103  6:31  Hatchery  
  103  6:32  Roach x6  
  114  6:39  Drone x2  
  114  6:41  Overlord  
  114  6:42  Roach  
  114  6:45  Overlord  
  116  6:49  Drone  
  117  6:56  Overlord  
  117  7:01  Overlord  
  117  7:04  Roach x5  
  117  7:05  Roach  
  129  7:11  Overlord  
  129  7:12  Roach x2, Infestation Pit  
  132  7:19  Overlord  
  132  7:22  Roach x5  
  141  7:33  Ravager x2  
  141  7:34  Zerg Missile Weapons Level 2, Overlord x2  
  143  7:49  Swarm Host x8  
  167  7:52  Swarm Host  
  167  7:53  Swarm Host  
  173  7:58  Swarm Host x2  
  173  8:02  Swarm Host x2  
  173  8:05  Overlord  
  185  8:06  Swarm Host  
  185  8:12  Swarm Host x3  
  192  8:19  Nydus Network  
  190  8:26  Overlord  
  190  8:27  Ravager x2  
  192  8:36  Roach x4  
  192  8:38  Extractor  
  197  8:59  Roach x3  
  200  9:03  Nydus Canal  
  197  9:15  Hive  
  197  9:17  Overlord, Drone x3  
  200  9:22  Nydus Canal  
  193  9:27  Overseer  
  193  9:29  Overseer  
  193  9:30  Pneumatized Carapace  
  193  9:33  Drone  
  193  9:34  Drone  
  193  9:35  Spine Crawler  
  193  9:37  Overlord  
  191  9:40  Roach x5, Spine Crawler  
  169  10:03  Roach x16  
  197  10:14  Roach, Overlord  
  179  10:43  Roach x10  
  197  10:57  Ravager  
  197  10:59  Ravager  
  197  11:01  Zerg Missile Weapons Level 3  
  195  11:19  Nydus Canal  
  181  11:26  Roach x8  
  181  11:27  Roach x3  
  194  11:33  Roach x3  
  194  11:47  Drone  
  159  12:10  Roach x24  
  190  12:16  Drone x2  
  190  12:17  Queen x3  
  190  12:32  Drone x6  
  190  12:34  Hatchery  
  195  12:44  Spore Crawler  
  194  12:48  Overlord  
  194  12:53  Queen  
  194  12:55  Roach  
  194  12:56  Roach  
  198  13:19  Hatchery  
  181  13:25  Roach x9  
  174  13:29  Nydus Canal  
  174  13:33  Overlord  
  160  13:37  Roach x9  
  164  13:41  Roach  
  164  13:42  Roach  
  168  13:49  Overlord  
  168  13:51  Roach x2  
  168  13:55  Ravager x4  
  176  13:56  Ravager  
  176  13:58  Roach x3  
  176  13:59  Spire  
  176  14:02  Nydus Canal  
  182  14:06  Roach  
  182  14:07  Roach x8  
  198  14:18  Nydus Canal  
Show
View Real Time Build Order
Export as new Build Order

DnS Protoss 

Build Orders: 1 Gate Expand, Oracle Opening, Archon Immortal, Archon Drop 

Get SALT Encoding   

  12  0:00  Probe  
  13  0:12  Probe  
  14  0:19  Pylon  
  14  0:24  Probe  
  15  0:33  Probe  
  15  0:40  Gateway  
  15  0:41  Probe  
  16  0:48  Assimilator  
  17  0:51  Probe  
  18  1:03  Probe  
  19  1:15  Probe  
  20  1:25  Nexus  
  20  1:37  Cybernetics Core  
  20  1:39  Probe  
  21  1:45  Assimilator  
  21  1:52  Probe  
  22  1:56  Pylon  
  22  2:04  Adept, Probe  
  25  2:16  Probe  
  25  2:21  Stargate  
  26  2:27  Probe  
  26  2:28  Warp Gate  
  27  2:34  Probe  
  27  2:37  Stalker  
  27  2:38  Probe  
  27  2:42  Probe  
  31  2:47  Probe  
  32  2:52  Probe  
  32  2:56  Oracle  
  34  2:59  Probe  
  34  3:04  Probe  
  36  3:11  Probe  
  40  3:16  Pylon, Probe  
  41  3:24  Probe  
  42  3:28  Probe  
  31  3:34  Adept  
  41  3:36  Gateway, Probe  
  41  3:38  Probe, Oracle  
  48  3:45  Assimilator  
  48  3:46  Probe, Assimilator  
  48  3:48  Probe  
  49  3:55  Probe, Robotics Facility  
  50  4:00  Probe  
  52  4:07  Probe  
  53  4:12  Probe  
  53  4:13  Twilight Council  
  53  4:14  Pylon  
  54  4:27  Gateway  
  54  4:28  Gateway  
  54  4:30  Gateway  
  54  4:32  Warp Prism, Probe  
  54  4:33  Gateway  
  54  4:36  Adept  
  59  4:47  Pylon  
  59  4:49  Charge  
  59  4:54  Templar Archives  
  59  5:04  Pylon  
  59  5:25  Probe x2  
  59  5:28  Pylon  
  57  5:29  Zealot x2  
  57  5:31  High Templar x2  
  57  5:35  Archon  
  65  5:36  High Templar  
  65  5:37  High Templar  
  65  5:40  Nexus  
  65  5:42  Observer, Pylon, Archon  
  69  5:48  Probe x2  
  72  5:53  Immortal  
  72  6:00  Probe  
  78  6:04  Probe  
  78  6:07  Forge  
  78  6:13  Probe  
  79  6:21  Probe  
  79  6:24  Sentry  
  79  6:25  Sentry, Probe  
  83  6:27  Immortal, Pylon  
  89  6:33  Protoss Ground Weapons Level 1, Probe  
  89  6:37  Probe  
  88  6:42  Sentry  
  88  6:45  Probe  
  91  6:49  Probe  
  92  6:54  Immortal  
  92  6:55  Probe  
  92  6:57  Probe  
  95  7:01  Probe  
  95  7:05  Assimilator x2  
  95  7:07  Probe  
  100  7:09  Probe, Robotics Facility  
  100  7:13  Probe  
  102  7:19  Probe  
  102  7:21  Probe  
  104  7:25  Probe  
  104  7:28  Gateway  
  104  7:29  Gateway  
  105  7:30  Pylon  
  105  7:31  Probe, Pylon, High Templar  
  105  7:32  Zealot x3, High Templar  
  105  7:33  Probe  
  105  7:36  Archon  
  117  7:38  Immortal  
  117  7:40  Shield Battery x2  
  117  7:41  Pylon  
  117  7:48  Probe  
  122  7:54  Pylon  
  122  7:56  High Templar x2  
  126  7:59  Immortal  
  130  8:08  Zealot x4  
  136  8:18  Immortal, Protoss Ground Weapons Level 2  
  140  8:36  Zealot x2, High Templar  
  140  8:37  Zealot, Nexus  
  140  8:38  Pylon  
  140  8:41  Archon  
  145  8:49  Immortal  
  145  8:55  Zealot x4  
  145  9:01  Immortal  
  145  9:11  Pylon x2  
  130  9:24  Nexus  
  130  9:29  High Templar x4  
  130  9:30  Zealot x4  
  142  9:34  Archon x2  
  142  9:42  Immortal  
  142  9:43  Immortal  
  150  9:46  Pylon x2  
  142  10:00  High Templar  
  142  10:01  Zealot x5, High Templar  
  142  10:05  Archon  
  148  10:08  Zealot  
  148  10:12  Warp Prism  
  150  10:21  Nexus  
  152  10:30  Zealot x4  
  148  10:47  Pylon  
  142  10:50  High Templar x3  
  142  10:51  Zealot x4, High Templar  
  142  10:54  Archon x2  
  158  11:01  Immortal  
  162  11:04  Probe x2  
  162  11:06  Probe  
  165  11:16  Probe  
  150  11:25  Immortal  
  130  11:35  Zealot x8  
  138  11:47  Immortal  
  134  12:01  High Templar x5  
  135  12:02  Zealot x2, High Templar  
  135  12:06  Archon x2  
  128  12:10  Immortal  
  102  12:21  Probe x2  
  98  12:27  Immortal  
  98  12:28  High Templar x2  
  90  12:33  Archon  
  90  12:36  Zealot x5  
  102  12:48  Zealot  
  97  13:00  Zealot, High Templar x2  
  97  13:01  Zealot x3  
  97  13:04  Archon  
  109  13:07  Zealot  
  99  13:27  High Templar x4  
  87  13:31  Archon  
  87  13:32  Archon  
  62  13:54  Zealot x2, High Templar x2  
  70  13:59  Archon  
  70  14:00  Nexus  
  70  14:05  Zealot x4  
  70  14:08  Probe  

Tags
 
Add a new tag
Caveats
  • Supply blocks, unpowered buildings, or Contaminate may cause inaccurate times.
  • Supply counts are checked every 10 seconds.